 Dungeon Crawl Stone Soup version 0.29.1-15-g9cfb28693d (webtiles) character file.

Game seed: 13648547684459516678

165 KittyFluff the Cudgeller (level 5, -3/33 HPs)
             Began as a Gargoyle Berserker on Apr 18, 2023.
             Was a Believer of Trog.
             Splashed by a jelly's acid (9 damage)
             ... on level 4 of the Dungeon.
             The game lasted 00:13:03 (3372 turns).

KittyFluff the Cudgeller (Gargoyle Berserker)       Turns: 3372, Time: 00:13:05

Health: -3/33      AC:  5    Str: 20    XL:     5   Next: 46%
Magic:  5/5        EV: 12    Int:  8    God:    Trog [**....]
Gold:   251        SH:  0    Dex: 11    Spells: 4/4 levels left

rFire   + . .      SeeInvis .   a - +0 mace
rCold   + . .      Faith    .   (no shield)
rNeg    + . .      Spirit   .   l - +0 leather armour
rPois   ∞          Reflect  .   (no helmet)
rElec   +          Harm     .   (no cloak)
rCorr   .          Rampage  .   j - +0 pair of gloves
Will    .....      NoCast   +   k - +0 pair of boots
Stlth   +.........              q - amulet "Ylloatash" {Acrobat -Cast rElec rF+ rC+}
HPRegen 0.11/turn               (no ring)
MPRegen 0.09/turn               (no ring)

@: corroded
A: sickness immunity, AC +4, negative energy resistance 1, electricity
resistance, torment resistance 1, petrification resistance
a: Renounce Religion, Berserk, Trog's Hand


You were on level 4 of the Dungeon.
You worshipped Trog.
Trog was pleased with you.
You visited 1 branch of the dungeon, and saw 4 of its levels.

You collected 251 gold pieces.

Inventory:

Hand Weapons
 a - a +0 mace (weapon)
 i - a +0 sling
Missiles
 m - 2 throwing nets (quivered)
 p - 4 poisoned darts
 s - 13 stones
Armour
 d - an orb of mayhem
 j - a +0 pair of gloves (worn)
 k - a +0 pair of boots (worn)
 l - a +0 leather armour (worn)
Jewellery
 q - the amulet "Ylloatash" (around neck) {Acrobat -Cast rElec rF+ rC+}
   (You found it on level 3 of the Dungeon)

   [amulet of the acrobat]

   It increases your evasion while moving and waiting.
   rF:        It protects you from fire.
   rC:        It protects you from cold.
   rElec:     It insulates you from electricity.
   -Cast:     It prevents spellcasting.
Scrolls
 b - a scroll of poison {unknown}
 g - a scroll of fear {unknown}
 h - a scroll of brand weapon {unknown}
 n - a scroll of vulnerability {unknown}
 u - a scroll of torment {unknown}
Potions
 c - a potion of ambrosia
 e - 2 potions of curing
 f - a potion of invisibility
 o - a potion of flight {unknown}
 r - a potion of heal wounds {unknown}
 t - a potion of magic {unknown}


   Skills:
 + Level 4.1 Fighting
 + Level 4.3 Maces & Flails
 * Level 3.1 Armour
 + Level 2.2 Dodging
 + Level 1.7 Stealth


You had 4 spell levels left.
You didn't know any spells.
Your spell library was empty.

Dungeon Overview and Level Annotations

Branches:
Dungeon (4/15)
 Temple: D:4-7

Altars:
Nemelex Xobeh

Annotations:
D:3 1 runed translucent door, sigtrap's ghost, amateur FoHu


Innate Abilities, Weirdness & Mutations

You are immune to sickness and miasma.
Your stone body is resilient. (AC +4)
You are immune to poison.
You resist negative energy. (rN+)
You are resistant to electric shocks. (rElec)
You are resistant to unholy torment.
You are immune to petrification.


Message History

You now have 251 gold pieces (gained 13).
A jelly comes into view.
A goblin comes into view. It is wielding a +0 dagger.
The goblin shouts!
The goblin completely misses you.
You see here a scroll labelled QOWKOE GUREOT.
u - a scroll labelled QOWKOE GUREOT The goblin hits you but does no damage.
The jelly hits you but does no damage. The goblin completely misses you.
The jelly completely misses you. The goblin misses you.
The jelly attacks as you move away! The jelly hits you but does no damage.
You hit the goblin.
You kill the goblin!
Trog accepts your kill.
You hit the jelly.
Your hands burn!
The jelly is lightly wounded.
The jelly hits you but does no damage. The jelly completely misses you.
You hit the jelly.
Your hands burn!
The jelly is lightly wounded.
The jelly barely misses you.
You hit the jelly. The acid corrodes you!
Your hands burn!
The jelly is moderately wounded.
The jelly completely misses you.
You hit the jelly.
Your hands burn!
The jelly is moderately wounded.
The jelly barely misses you.
You barely miss the jelly.
The jelly is moderately wounded.
The jelly closely misses you.
You hit the jelly but do no damage.
Your hands burn!
* * * LOW HITPOINT WARNING * * *
The jelly is moderately wounded.
The jelly closely misses you.
You hit the jelly but do no damage.
Your hands burn!
* * * LOW HITPOINT WARNING * * *
The jelly is moderately wounded.
The jelly hits you.
* * * LOW HITPOINT WARNING * * *
You are splashed with acid!
You die...

. . .....## ### #.#...#
#.######.....# #+####.#
.........
#......####.#.#..##
##.............#...#
...........#...#.#.#####
...............J@.......
##..<.##.#:##..###..####
.......#.#........ ....
...........##.####......
.......#...##.# ##.
..#.##........#
..+...###..##)# ..#.#.#
#..##.# ###.#... ..#


You could see a jelly.

Vanquished Creatures
  A jelly (D:4)
  An iguana (D:3)
  4 adders
  3 dart slugs
  3 orcs (D:3)
  6 endoplasms
  2 giant cockroaches
  8 hobgoblins
  6 kobolds
  2 quokkas (D:1)
  7 ball pythons
  2 bats
  4 frilled lizards
  9 goblins
  3 rats
61 creatures vanquished.

Vanquished Creatures (others)
  2 demonic plants (D:1)
2 creatures vanquished.

Grand Total: 63 creatures vanquished

Notes
Turn   | Place    | Note
-------+----------+-------------------------------------------
     0 | D:1      | KittyFluff the Gargoyle Berserker began the quest for the
                  | Orb.
     0 | D:1      | Reached XP level 1. HP: 14/14 MP: 1/1
   326 | D:1      | Reached XP level 2. HP: 13/19 MP: 2/2
  1287 | D:1      | Found a faded altar of an unknown god.
  1540 | D:1      | Reached XP level 3. HP: 24/24 MP: 3/3
  1619 | D:2      | Reached ** piety under Trog
  1628 | D:2      | Reached skill level 1 in Stealth
  1629 | D:2      | HP: 1/24 [goblin/+0 dagger (1)]
  1921 | D:2      | Found a sparkling altar of Nemelex Xobeh.
  2071 | D:2      | Reached XP level 4. HP: 22/29 MP: 4/4
  2649 | D:3      | Identified the amulet "Ylloatash" {Acrobat -Cast rElec rF+
                  | rC+}
  2759 | D:3      | Found a runed translucent door.
  2759 | D:3      | Noticed sigtrap's ghost (amateur FoHu)
  2961 | D:3      | Reached XP level 5. HP: 16/33 MP: 5/5
  3372 | D:4      | Splashed by a jelly's acid

Illustrated notes

Levels and vault maps discovered:
D:1:      wander_arrival_desolate, layout_basic, shapermc_ecumenical_altar_gd
D:2:      layout_basic, basic_altar
D:3:      layout_basic, gammafunk_ghost_grave, kennysheep_doodads,
          ebering_dispersal_statue_hall
D:4:      layout_basic, minmay_temple_entry_nine_rooms

Skill      XL: |  1  2  3  4 |
---------------+-------------+-----
Stealth        | 1 |  1.7
Dodging        | 2 |  2.2
Fighting       | 4 |  4.1
Maces & Flails | 4 |  4.3
Armour         | 3 |  3.1

Action                   |  1- 3 |  4- 6 || total
-------------------------+-------+-------++-------
Melee: Mace              |   122 |   119 ||   241
  Use: Scroll            |       |     3 ||     3
 Stab: Sleeping          |     1 |     1 ||     2
Armor: Animal skin       |    51 |     1 ||    52
       Leather armour    |       |    58 ||    58
Dodge: Dodged            |    82 |    92 ||   174
